 Dungeon Crawl Stone Soup version 0.26.0-41-g79a4fc7684 (webtiles) character file.

Game seed: 7274193116775986250

10456 runemasterragnar the Arsonist (level 11, 0/103 (109) HPs)
             Began as an Ogre Fire Elementalist on Jan 27, 2021.
             Was a High Priest of Okawaru.
             Slain by a wight
             ... wielding a cursed +0 halberd of protection
             ... summoned by a wight
              (10 damage)
             ... on level 11 of the Dungeon.
             The game lasted 00:31:53 (16194 turns).

runemasterragnar the Arsonist (OgFE)               Turns: 16194, Time: 00:31:54

HP:   0/103 (109)   AC:  5    Str: 14    XL:     11   Next: 62%
MP:   12/22         EV: 12    Int: 19    God:    Okawaru [*****.]
Gold: 609           SH:  0    Dex:  9    Spells: 6/25 levels left

rFire    . . .     SeeInvis +   y - +3 quarterstaff (chaos)
rCold    + . .     Faith    .   (shield currently unavailable)
rNeg     . . .     Spirit   .   a - +0 robe
rPois    .         Reflect  .   (helmet restricted)
rElec    .         Harm     .   z - +1 cloak {Stlth+}
rCorr    .         Rampage  .   (gloves unavailable)
Will     +....                  (boots unavailable)
Stlth    +.........             (no amulet)
HPRegen  0.27/turn              f - ring of see invisible
MPRegen  0.18/turn              I - ring of protection from cold

@: drained
A: large, unfitting armour, horns 1, tough skin 1
a: Renounce Religion, Heroism, Finesse


You were on level 11 of the Dungeon.
You worshipped Okawaru.
Okawaru was extremely pleased with you.
You visited 2 branches of the dungeon, and saw 12 of its levels.

You collected 732 gold pieces.
You spent 123 gold pieces at shops.

Inventory:

Hand Weapons
 b - a +0 club
 d - a +0 spear of pain
 g - a +3 flail of holy wrath
 m - a +0 vorpal mace
 y - a +3 quarterstaff of chaos (weapon)
 L - a +2 vorpal mace
 N - a +2 hand crossbow of freezing
Missiles
 h - 43 poisoned darts
 l - 7 throwing nets
 G - 6 large rocks
 J - 4 atropa-tipped darts
 K - 6 javelins
 T - 8 boomerangs
Armour
 a - a +0 robe (worn)
 z - a +1 cloak of stealth (worn)
Jewellery
 f - a ring of see invisible (left hand)
 A - an uncursed ring of flight
 H - a cursed amulet of inaccuracy
 I - a ring of protection from cold (right hand)
 P - an uncursed amulet of regeneration
 Q - an uncursed amulet of the acrobat {unknown}
 R - a +4 ring of protection
Wands
 p - a wand of acid (6)
 w - a wand of random effects (16)
 B - a wand of digging (7)
 S - a wand of flame (23)
Scrolls
 c - 6 scrolls of remove curse
 e - 2 scrolls of magic mapping {unknown}
 i - 4 scrolls of teleportation
 k - 2 scrolls of amnesia
 n - 2 scrolls of fear
 o - 3 scrolls of enchant weapon {unknown}
 r - a scroll of random uselessness {unknown}
 t - 3 scrolls of blinking {unknown}
 v - 3 scrolls of noise {unknown}
 E - 3 scrolls of fog
 M - a scroll of holy word {unknown}
 O - a scroll of immolation {unknown}
 U - a scroll of enchant armour {unknown}
Potions
 j - 3 potions of haste
 q - 2 potions of ambrosia
 s - 4 potions of attraction
 u - a potion of brilliance
 x - 2 potions of flight
 C - a potion of degeneration
 D - 4 potions of curing
 F - a potion of invisibility


   Skills:
 + Level 7.5 Fighting
 * Level 0.3 Maces & Flails
 * Level 0.3 Throwing
 + Level 6.7 Dodging
 - Level 1.4 Stealth
 + Level 7.9 Spellcasting
 - Level 9.1 Conjurations
 + Level 0.1 Summonings
 - Level 9.4 Fire Magic


You had 6 spell levels left.
You knew the following spells:

 Your Spells              Type           Power        Failure   Level
a - Foxfire               Conj/Fire      100%         1%          1
b - Conjure Flame         Conj/Fire      42%          1%          3
c - Sticky Flame          Conj/Fire      42%          1%          4
d - Fireball              Conj/Fire      21%          5%          5
e - Call Imp              Summ           7%           13%         2
f - Summon Lightning Spi  Summ/Air       7%           65%         4

Your spell library contained the following spells:

 Spells                   Type           Power        Failure   Level
 Dazzling Flash           Conj/Hex       48%          4%          3
 Inner Flame              Hex/Fire       25%          4%          3
 Summon Small Mammal      Summ           28%          9%          1
 Beastly Appendage        Tmut           14%          10%         1
 Corona                   Hex            7%           10%         1
 Ensorcelled Hibernation  Hex/Ice        14%          14%         2
 Wereblood                Tmut           7%           14%         2
 Call Canine Familiar     Summ           7%           26%         3
 Summon Guardian Golem    Hex/Summ       7%           26%         3
 Confusing Touch          Hex            7%           28%         3
 Spider Form              Tmut/Pois      3%           28%         3
 Tukima's Dance           Hex            7%           28%         3
 Summon Ice Beast         Ice/Summ       7%           65%         4
 Ice Form                 Ice/Tmut       7%           67%         4
 Blade Hands              Tmut           3%           95%         5


Dungeon Overview and Level Annotations

Branches:
Dungeon (11/15)            Temple (1/1) D:6            Lair (0/6) D:9
    Orc (0/2) D:9

Altars:
Ashenzari
Cheibriados
Dithmenos
Elyvilon
Fedhas
Gozag
Hepliaklqana
Kikubaaqudgha
Makhleb
Nemelex Xobeh
Okawaru
Qazlal
Ru
Sif Muna
Trog
Uskayaw
Vehumet
Wu Jian
Xom
Yredelemnul
Zin
The Shining One

Shops:
D:4 :   D:10 ?   D:11 *}([


Innate Abilities, Weirdness & Mutations

You are too large for most types of armour.
You have tough skin. (AC +1)
You have a pair of small horns on your head.


Message History

You feel drained.
The two-headed ogre hits you with a +0 giant club!!
The two-headed ogre hits you with a +0 giant club!
* * * LOW HITPOINT WARNING * * *
The wight hits the plant with a cursed +3 short sword!
You barely miss the wight.
The wight is moderately damaged.
The wight closely misses you.
The ice beast hits you but does no damage.
The phantom blinks!
The wight hits you with a cursed +0 scimitar.
* * * LOW HITPOINT WARNING * * *
You feel drained.
The wight hits you from afar with a cursed +1 vorpal halberd!
* * * LOW HITPOINT WARNING * * *
You feel drained.
* * * LOW HITPOINT WARNING * * *
x2 The gargoyle hits the plant with a cursed +0 mace!
The wight hits you with a cursed +0 halberd of protection!
You die...

....#.#####....
.....[.<.......
....#.....#####
..........# .
###...9..# ..#
#.zz9.?##....#
#.zzPzZ)))...#
#.zO§Y###.....
#..#@## ...
##.zz# . ###.#
#.#
#.####.#####
#......).).#
##.###.###.#
#.# #.#
######### #.#
#)# ........##


You could see a two-headed ogre (summoned), 2 gargoyles, an ice beast, 8 wights
and a hound zombie.

Vanquished Creatures
  Harold (D:7)
  3 two-headed ogres
  A cyclops (D:7)
  A gargoyle (D:7)
  A kobold demonologist (D:7)
  A shadow (D:7)
  2 vampires (D:11)
  A wyvern (D:9)
  A basilisk (D:10)
  Menkaure (D:6)
  Edmund (D:5)
  A water moccasin (D:10)
  Duvessa (D:7)
  4 sky beasts
  3 ice beasts
  2 phantoms
  3 orc warriors
  3 ogres
  9 centaurs
  A big kobold (D:9)
  6 bullfrogs
  Dowan (D:7)
  A water moccasin skeleton (D:8)
  6 scorpions
  5 killer bees (D:7)
  11 wights
  6 howler monkeys
  3 centaur zombies
  4 bullfrog zombies
  A quasit (D:8)
  4 jellies
  A bullfrog skeleton (D:6)
  6 orc priests
  5 hounds
  7 orc wizards
  Crazy Yiuf (D:5)
  4 iguanas
  8 worker ants
  7 hound skeletons
  A worker ant zombie (D:10)
  3 gnolls (D:4)
  12 adders
  4 shadow imps
  2 white imps
  5 ufetubi
  2 oozes
  2 adder zombies (D:7)
  2 worms
  2 dart slugs (D:1)
  6 leopard geckos
  34 orcs
  A ball python (D:1)
  13 bats
  5 giant cockroaches
  5 goblins
  10 hobgoblins
  2 jackals (D:4)
  12 kobolds
  5 quokkas
  4 frilled lizards
  A jackal skeleton (D:3)
  13 rats
274 creatures vanquished.

Vanquished Creatures (others)
  A leopard gecko zombie (D:6)
  734 foxfires
  2 fungi (D:9)
  7 plants
744 creatures vanquished.

Grand Total: 1018 creatures vanquished

Notes
Turn   | Place    | Note
-------+----------+-------------------------------------------
     0 | D:1      | runemasterragnar the Ogre Fire Elementalist began the quest
                  | for the Orb.
     0 | D:1      | Reached XP level 1. HP: 16/16 MP: 3/3
    61 | D:1      | Reached skill level 1 in Conjurations
   191 | D:1      | Reached XP level 2. HP: 23/24 MP: 0/5
   701 | D:1      | Reached XP level 3. HP: 31/31 MP: 4/7
  1155 | D:2      | Learned a level 3 spell: Conjure Flame
  1503 | D:2      | Reached XP level 4. HP: 29/39 MP: 8/8
  1857 | D:2      | Found a snail-covered altar of Cheibriados.
  2404 | D:2      | HP: 1/39 [poisoned by an adder]
  2738 | D:3      | Learned a level 4 spell: Sticky Flame
  2787 | D:3      | Reached XP level 5. HP: 45/45 MP: 1/9
  3795 | D:3      | Reached XP level 6. HP: 32/53 MP: 9/11
  4529 | D:4      | Found Ozacuwku's Book Shop.
  5275 | D:5      | Entered Level 5 of the Dungeon
  5278 | D:5      | Noticed Edmund
  5292 | D:5      | Killed Edmund
  5293 | D:5      | Reached XP level 7. HP: 37/59 MP: 1/12
  6080 | D:5      | Reached skill level 5 in Fire Magic
  6437 | D:5      | Found a broken altar of Ashenzari.
  6677 | D:5      | Learned a level 5 spell: Fireball
  6817 | D:5      | Found a runed translucent door.
  6818 | D:5      | Noticed Crazy Yiuf
  6850 | D:5      | Killed Crazy Yiuf
  6987 | D:6      | Found a basalt altar of Yredelemnul.
  6996 | D:6      | Found a glowing golden altar of the Shining One.
  6998 | D:6      | Noticed an angel
  7010 | D:6      | Gained mutation: You are weak. (Str -2) [potion of
                  | mutation]
  7010 | D:6      | Gained mutation: Scrolls take you a little longer to read.
                  | [potion of mutation]
  7010 | D:6      | Lost mutation: Scrolls take you a little longer to read.
                  | [potion of mutation]
  7010 | D:6      | Gained mutation: Your spells are a little harder to cast,
                  | but a little more powerful. [potion of mutation]
  7013 | D:6      | Found a staircase to the Ecumenical Temple.
  7025 | Temple   | Entered the Ecumenical Temple
  7129 | Temple   | Became a worshipper of Warmaster Okawaru
  7165 | D:6      | Reached XP level 8. HP: 63/67 MP: 14/14
  7451 | D:6      | Noticed Menkaure
  7463 | D:6      | Killed Menkaure
  7470 | D:6      | Reached skill level 5 in Conjurations
  8132 | D:6      | Reached skill level 1 in Fighting
  8346 | D:7      | Noticed Duvessa
  8350 | D:7      | Noticed Dowan
  8359 | D:7      | Killed Duvessa
  8359 | D:7      | Reached * piety under Okawaru
  8360 | D:7      | Reached skill level 5 in Spellcasting
  8366 | D:7      | Killed Dowan
  9074 | D:7      | Reached XP level 9. HP: 66/80 MP: 10/17
  9449 | D:7      | Reached ** piety under Okawaru
  9733 | D:7      | Noticed a kobold demonologist
  9736 | D:7      | Noticed a gargoyle
  9736 | D:7      | Noticed a cyclops
  9758 | D:7      | Killed a kobold demonologist
  9767 | D:7      | Killed a cyclops
  9768 | D:7      | Reached skill level 5 in Dodging
  9781 | D:7      | Killed a gargoyle
  9781 | D:7      | Reached *** piety under Okawaru
  9831 | D:7      | Learned a level 2 spell: Call Imp
  9836 | D:7      | Learned a level 4 spell: Summon Lightning Spire
 10177 | D:6      | Reached XP level 10. HP: 14/84 MP: 12/19
 10510 | D:7      | Noticed Harold
 10557 | D:7      | Killed Harold
 10557 | D:7      | Reached **** piety under Okawaru
 10558 | D:7      | Reached skill level 5 in Fighting
 11101 | D:8      | Noticed a two-headed ogre
 11117 | D:8      | Killed a two-headed ogre
 11831 | D:8      | Found an opulent altar of Gozag.
 12507 | D:9      | Noticed a two-headed ogre
 12514 | D:9      | Killed a two-headed ogre
 12514 | D:9      | Reached ***** piety under Okawaru
 12633 | D:9      | Found a radiant altar of Vehumet.
 12815 | D:8      | Reached XP level 11. HP: 101/107 MP: 16/21
 12847 | D:9      | Found a staircase to the Orcish Mines.
 12859 | D:9      | Received a gift from Okawaru
 13424 | D:9      | Found a glowing silver altar of Zin.
 13427 | D:9      | Found a shimmering altar of Xom.
 13427 | D:9      | Found a bloodstained altar of Trog.
 13428 | D:9      | Found a sacrificial altar of Ru.
 13623 | D:9      | Found a staircase to the Lair.
 13697 | D:9      | Found a sparkling altar of Nemelex Xobeh.
 13861 | D:10     | Entered Level 10 of the Dungeon
 14752 | D:10     | Lost mutation: Your spells are a little harder to cast, but
                  | a little more powerful. [potion of mutation]
 14752 | D:10     | Lost mutation: You are weak. (Str -2) [potion of mutation]
 14752 | D:10     | Gained mutation: You have a pair of small horns on your
                  | head. [potion of mutation]
 14752 | D:10     | Gained mutation: Your spells are a little easier to cast,
                  | but a little less powerful. [potion of mutation]
 14752 | D:10     | Lost mutation: Your spells are a little easier to cast, but
                  | a little less powerful. [potion of mutation]
 14778 | D:10     | Found Hoefral's Magic Scroll Shoppe.
 14788 | D:10     | Bought a scroll of fear for 45 gold pieces
 14788 | D:10     | Bought a scroll of identify for 26 gold pieces
 14788 | D:10     | Bought a scroll of identify for 26 gold pieces
 14788 | D:10     | Bought a scroll of identify for 26 gold pieces
 14836 | D:10     | Noticed a two-headed ogre
 14849 | D:10     | Killed a two-headed ogre
 15024 | D:11     | Found Uxeapuv's Assorted Antiques.
 15102 | D:11     | Found Rafis's Weapon Emporium.
 15957 | D:11     | Found Xiubb's Armour Boutique.
 15976 | D:11     | Found Gaobaproam's Gadget Emporium.
 16192 | D:11     | Noticed a two-headed ogre
 16194 | D:11     | Slain by a wight

Illustrated notes

Levels and vault maps discovered:
D:1:      moated_graveyard_arrival, layout_rooms, minivault_26
D:2:      layout_loops_cross, overflow_temple_1_default
D:3:      layout_basic, supply_closet_lemuel, minivault_26
D:4:      layout_basic, serial_shops, nicolae_shop_behind_doors, serial_rivers,
          chequers_serial_rivers_room_b, chequers_serial_rivers_room_a,
          chequers_serial_rivers_room_b, chequers_serial_rivers_small_3
D:5:      layout_rooms, lemuel_doored_altar, sigmund_army, uniq_edmund,
          uniq_crazy_yiuf_cottage
D:6:      layout_loops_ring, grunt_temple_overflow_holy_war,
          minmay_temple_entry_large_hall, nicolae_underground_beach,
          uniq_menkaure
D:7:      nzn_winding_woodlands_three_and_one [nzn_winding_woodlands_5x15_eye,
          nzn_winding_woodlands_5x15_cabin, nzn_winding_woodlands_5x15_zeroes,
          nzn_winding_woodlands_center_lodge], layout_loops_ring,
          chequers_serial_rivers_room_b, hangedman_decor_points, uniq_duvessa,
          uniq_harold
D:8:      layout_gridville, minmay_misc_feat_room, grunt_ministairs_8,
          grunt_gozag_statues
D:9:      layout_cave_pools, vehumet_crystals, grunt_temple_overflow_open,
          dpeg_oklobed_lair, orc_0_dummy, basic_altar
D:10:     layout_big_octagon, serial_shops, shop_scrolls,
          hangedman_abyss_or_decor_clamps
D:11:     layout_basic, serial_corexii_hall, corexii_hall_statues_l,
          chequers_hall_statues_wall_a, serial_shops,
          nicolae_shop_overgrown_old_shop, shop, nicolae_shop_trees,
          nicolae_shop_stone, kennysheep_mini
Temple:   cyrus_circular_temple

Skill      XL: |  1  2  3  4  5  6  7  8  9 10 11 |
---------------+----------------------------------+-----
Conjurations   | 1 2 3 4 5 7 8 9 |  9.1
Dodging        | 2 3 4 5 6 |  6.7
Fire Magic     | 3 4 5 6 7 8 9 |  9.4
Spellcasting   | 3 4 5 6 7 |  7.9
Fighting       | 2 4 6 7 |  7.5
Maces & Flails | |  0.3
Throwing       | |  0.3
Stealth        | |  1.4
Summonings     | |  0.1

Action                   |  1- 3 |  4- 6 |  7- 9 | 10-12 || total
-------------------------+-------+-------+-------+-------++-------
Melee: Unarmed           |     4 |       |       |       ||     4
       Club              |     4 |       |       |       ||     4
       Spear             |    95 |    57 |       |       ||   152
       Mace              |       |    50 |    34 |       ||    84
       Quarterstaff      |       |       |   125 |   172 ||   297
       Headbutt          |       |       |       |     7 ||     7
 Cast: Foxfire           |    43 |    99 |   131 |   205 ||   478
       Conjure Flame     |       |       |     6 |       ||     6
       Sticky Flame      |       |       |     9 |    30 ||    39
       Fireball          |       |       |       |     4 ||     4
Invok: Heroism           |       |       |     1 |       ||     1
Evoke: Wand              |       |       |       |     3 ||     3
  Use: Potion            |     1 |       |     3 |     2 ||     6
       Scroll            |       |     5 |     3 |     8 ||    16
 Stab: Sleeping          |     2 |       |       |       ||     2
       Paralysed         |       |       |       |     1 ||     1
Armor: Robe              |    21 |    33 |    50 |    55 ||   159
       Skin              |       |       |    23 |     4 ||    27
Dodge: Dodged            |    57 |    73 |   108 |   173 ||   411
